 Dungeon Crawl Stone Soup version 0.30-a0-137-gd8773701ce (webtiles) character file.

Game seed: 8350783142423337523

4 LnG the Caller (level 1, -1/10 HPs)
             Began as a Kobold Summoner on Sept 21, 2022.
             Slain by a jackal (2 damage)
             ... on level 1 of the Dungeon.
             The game lasted 00:01:18 (456 turns).

LnG the Caller (Kobold Summoner)                     Turns: 456, Time: 00:01:19

Health: -1/10      AC:  2    Str:  5    XL:     1   Next: 66%
Magic:  1/3        EV: 15    Int: 16    God:
Gold:   0          SH:  0    Dex: 15    Spells: 3/4 levels left

rFire   . . .      SeeInvis .    (weapon restricted)
rCold   . . .      Faith    .    (no shield)
rNeg    . . .      Spirit   .    a - +0 robe
rPois   .          Reflect  .    (no helmet)
rElec   .          Harm     .    (no cloak)
rCorr   .          Rampage  .    (no gloves)
Will    .....                    (no boots)
Stlth   +++.......               (no amulet)
HPRegen 0.03/turn                (no ring)
MPRegen 0.08/turn                (no ring)

@: no status effects
A: small, no large weapons, nightstalker 3
a: no special abilities


You were on level 1 of the Dungeon.
You visited 1 branch of the dungeon, and saw 1 of its levels.

Inventory:

Armour
 a - a +0 robe (worn)
Potions
 b - a potion of magic


   Skills:
 + Level 2.4 Dodging
 + Level 2.6 Stealth
 + Level 2.3 Spellcasting
 + Level 4.1 Summonings


You had 3 spell levels left.
You knew the following spells:

 Your Spells              Type           Power      Damage    Failure   Level
a - Summon Small Mammal   Summ           60%        N/A       3%          1

Your spell library contained the following spells:

 Spells                   Type           Power      Damage    Failure   Level
 Call Imp                 Summ           15%        N/A       5%          2
 Call Canine Familiar     Summ           15%        N/A       11%         3
 Summon Guardian Golem    Hex/Summ       8%         N/A       26%         3
 Summon Lightning Spire   Summ/Air       8%         N/A       65%         4


Dungeon Overview and Level Annotations

Branches:
Dungeon (1/15)

Altars:


Innate Abilities, Weirdness & Mutations

You are small and have problems with some larger weapons.
You are completely attuned to the shadows.


Message History

Casting: Summon Small Mammal (safe; 3% risk of failure)
Confirm with . or Enter, or press ? or * to list all spells.
The jackal closely misses your quokka. The jackal bites you.
The jackal misses you.
A ball python comes into view.
Your bat closely misses the jackal.
The jackal bites your quokka. The jackal completely misses you.
The jackal bites you.
Your quokka bites the jackal.
Unknown command.
Unknown command.
Unknown command.
Unknown command.
You barely miss the jackal.
The jackal is moderately wounded.
The jackal misses your quokka. The jackal bites you.
The jackal closely misses you.
Your quokka bites the jackal.
The jackal dies!
The jackal barely misses you. The jackal bites you.
* * * LOW HITPOINT WARNING * * *
You barely miss the jackal.
The jackal is moderately wounded.
The ball python closely misses your quokka. x2
The jackal misses you. The jackal closely misses you.
Your bat hits the jackal but does no damage.
Unknown command.
You closely miss the jackal.
Your bat closely misses the jackal.
Your bat hits the jackal but does no damage.
The jackal barely misses you.
The ball python closely misses your quokka.
The ball python barely misses your quokka.
The jackal bites you.
* * * LOW HITPOINT WARNING * * *
Something closely misses your bat.
You hit the jackal but do no damage.
Your bat barely misses the jackal.
The ball python bites your quokka. The ball python grabs your quokka.
The ball python constricts your quokka.
Your quokka dies!
Your quokka's corpse disappears in a puff of smoke!
The jackal bites you.
You die...

##.# ####.###
.......#
####.#.# #.#.#
.#.#
#####.#.###....
#.....bh.....##
#.###.#.###...#
#. #.#h@§Sh# #.
#.#.###...h ..
..#.# #.#. #..
... #. #.


You could see 3 jackals, a ball python and a friendly bat (summoned).

Vanquished Creatures (collateral kills)
  A jackal (D:1)
  A quokka (D:1)
  A bat (D:1)
  A kobold (D:1)
4 creatures vanquished.

Notes
Turn   | Place    | Note
-------+----------+-------------------------------------------
     0 | D:1      | LnG the Kobold Summoner began the quest for the Orb.
     0 | D:1      | Reached XP level 1. HP: 10/10 MP: 3/3
   456 | D:1      | Slain by a jackal

Illustrated notes

Levels and vault maps discovered:
D:1:      lightli_arrival_statue_moat, layout_loops_ring, grunt_decor_junction,
          nicolae_kite_square_tiling_tiny

Action                   || total
-------------------------++-------
Melee: Unarmed           ||    13
 Cast: Summon Small Mamm ||    10
 Stab: Distracted        ||     1
Armor: Robe              ||     3
Dodge: Dodged            ||    13

Table legend: (Time is in decaauts)
 A = Elapsed time spent in this place.
 B = Non-inter-level travel time spent in this place.
 C = Inter-level travel time spent in this place.
 D = Time resting spent in this place.
 E = Time spent auto-exploring this place.
 F = Levels seen in this place.
 G = Mean time per level.
                   A        B        C        D        E       F      G
               +--------+--------+--------+--------+--------+-----+--------+
         Total |    456 |    456 |      0 |    265 |     68 |   1 |  456.0 |
       Dungeon |    456 |    456 |      0 |    265 |     68 |   1 |  456.0 |
               +--------+--------+--------+--------+--------+-----+--------+

Top non-repeatable levels by time:
     D:1: 456 daAuts
